 Dungeon Crawl Stone Soup version 0.22.0-75-g3901e79 (webtiles) character file.

216 lifenoodles the Shield-Bearer (level 5, -9/47 HPs)
             Began as a Hill Orc Fighter on Sept 12, 2018.
             Was an Initiate of Okawaru.
             Splashed by Ijyb's acid (12 damage)
             ... on level 3 of the Dungeon on Sept 13, 2018.
             The game lasted 00:48:57 (3500 turns).

lifenoodles the Shield-Bearer (Hill Orc Fighter)    Turns: 3500, Time: 00:49:00

Health: -9/47      AC: 10    Str: 25    XL:     5   Next: 93%
Magic:  5/5        EV:  5    Int:  8    God:    Okawaru [......]
Gold:   109        SH: 10    Dex: 10    Spells: 4/4 levels left

rFire    . . .     SeeInvis .   a - +0 hand axe
rCold    . . .     Gourm    .   c - +0 shield
rNeg     . . .     Faith    .   i - +3 plate armour
rPois    .         Spirit   .   (no helmet)
rElec    .         Reflect  .   (no cloak)
rCorr    .         Harm     .   (no gloves)
MR       .....                  (no boots)
Stlth    ..........             (no amulet)
HPRegen  0.15/turn              (no ring)
MPRegen  0.09/turn              (no ring)

@: mighty, corroded
A: no striking features
a: Renounce Religion


You were on level 3 of the Dungeon.
You worshipped Okawaru.
Okawaru was noncommittal.
You were hungry.

You visited 1 branch of the dungeon, and saw 3 of its levels.

You collected 109 gold pieces.

Inventory:

Hand Weapons
 a - a +0 hand axe (weapon)
 b - a +0 blowgun
Missiles
 e - 96 stones (quivered)
 k - 37 bolts
 n - 43 arrows
 r - 14 poisoned needles
Armour
 c - a +0 shield (worn)
 i - a +3 plate armour (worn)
Scrolls
 d - a scroll of teleportation
 h - a scroll of remove curse {unknown}
 q - a scroll of fog {unknown}
Potions
 g - a potion of invisibility {unknown}
 l - a potion of degeneration {unknown}
 m - a potion of might
 o - a potion of ambrosia {unknown}
 s - a potion of lignification {unknown}
 t - a potion of curing
Comestibles
 f - 7 rations
 p - 6 chunks of flesh


   Skills:
 + Level 4.4 Fighting
   Level 2.4 Long Blades
 + Level 3.2 Axes
   Level 0.3(1.6) Maces & Flails
 + Level 0.5 Throwing
 + Level 4.1 Armour
 + Level 5.0 Shields


You had 4 spell levels left.
You didn't know any spells.
Your spell library was empty.

Dungeon Overview and Level Annotations

Branches:
Dungeon (3/15)

Altars:
Gozag
Okawaru
The Shining One

Annotations:
D:3 Ijyb


Message History

Ijyb is moderately wounded.
Ijyb hits you but does no damage.
You barely miss Ijyb.
Ijyb is moderately wounded.
Ijyb zaps a wand.
The bolt of acid hits you! The acid corrodes you!
You are splashed with acid!
The acid burns!
You completely miss Ijyb.
Ijyb is moderately wounded.
Ijyb hits you but does no damage.
You slash Ijyb!
Ijyb is severely wounded.
Ijyb hits you but does no damage.
Some of the chunks of flesh in your inventory have rotted away.
You barely miss Ijyb.
Ijyb is severely wounded.
Ijyb zaps a wand.
The bolt of acid hits you!
Ouch! That really hurt!
* * * LOW HITPOINT WARNING * * *
You are splashed with acid!
The acid burns!
You die...

*,,,#..#...#..≈≈≈....
#...#..#########≈≈#..
#...#..........#≈≈...
#...#..........'....#
#(g.#..........÷....#
#.(.#....(.(...'....#
#...#.)).......#≈≈#..
#''##..#########≈≈###
#..g@..#,,,*,,≈≈≈##
#......'...',,≈≈≈#
#......#...#,.≈≈##
############*###*


You could see Ijyb.

Vanquished Creatures
  Natasha (thrice) (D:2 D:1)
  4 adders
  An ooze (D:2)
  2 worms
  3 dart slugs
  3 leopard geckos
  3 giant cockroaches
  15 goblins
  12 hobgoblins
  8 jackals
  6 bats
  7 frilled lizards
  13 kobolds
  6 rats
86 creatures vanquished.

Notes
Turn   | Place    | Note
-------+----------+-------------------------------------------
     0 | D:1      | lifenoodles the Hill Orc Fighter began the quest for the
                  | Orb.
     0 | D:1      | Reached XP level 1. HP: 19/19 MP: 1/1
   246 | D:1      | Reached XP level 2. HP: 27/27 MP: 2/2
   472 | D:1      | Found an iron altar of Okawaru.
   484 | D:1      | Became a worshipper of Warmaster Okawaru
   761 | D:1      | Reached XP level 3. HP: 33/33 MP: 3/3
  1052 | D:2      | Reached skill level 4 in Shields
  1439 | D:2      | Reached skill level 1 in Axes
  1439 | D:2      | Reached XP level 4. HP: 38/40 MP: 4/4
  1484 | D:2      | Noticed Natasha
  1508 | D:2      | Killed Natasha
  1535 | D:2      | Noticed Natasha
  1952 | D:1      | Killed Natasha
  1952 | D:1      | Reached XP level 5. HP: 12/46 MP: 5/5
  2191 | D:1      | Noticed Natasha
  2202 | D:1      | Killed Natasha
  2402 | D:2      | Found a glowing golden altar of the Shining One.
  2402 | D:2      | Found an opulent altar of Gozag.
  3182 | D:3      | Reached skill level 5 in Shields
  3478 | D:3      | Noticed Ijyb
  3500 | D:3      | Splashed by Ijyb's acid

Skill      XL: |  1  2  3  4  5 |
---------------+----------------+-----
Fighting       | 4 |  4.4
Shields        | 4 5 |  5.0
Axes           | 1 3 |  3.2
Armour         | 4 |  4.1
Long Blades    | |  2.4
Maces & Flails | |  0.3
Throwing       | |  0.5

Action                   |  1- 3 |  4- 6 || total
-------------------------+-------+-------++-------
Melee: Long sword        |    71 |       ||    71
       Mace              |    25 |       ||    25
       Hand axe          |    60 |   198 ||   258
 Fire: Blowgun           |       |    22 ||    22
Throw: Stone             |     3 |       ||     3
  Use: Scroll            |     3 |     7 ||    10
       Potion            |     2 |     3 ||     5
  Eat: Chunk             |     2 |     3 ||     5
       Ration            |       |     1 ||     1
Armor: Scale mail        |     7 |       ||     7
       Plate armour      |    87 |   125 ||   212
Dodge: Dodged            |    17 |    29 ||    46
Block: Shield            |    74 |   103 ||   177
       Rpst.: Long sword |     2 |       ||     2
